 Dungeon Crawl Stone Soup version 0.31-a0-851-g7ff8af7976 (webtiles) character file.

Game seed: 3476507757144857755

55 Ethylacetat the Changeling (level 3, -1/18 HPs)
             Began as a Vine Stalker Shapeshifter on Oct 7, 2023.
             Slain by an orc
             ... wielding a +0 mace
              (5 damage)
             ... on level 3 of the Dungeon.
             The game lasted 00:01:14 (1068 turns).

Ethylacetat the Changeling (VSSh)                   Turns: 1068, Time: 00:01:15

Health: -1/18      AC:  4    Str: 18    XL:     3   Next: 93%
Magic:  0/4        EV: 12    Int: 10    God:
Gold:   80         SH:  0    Dex: 13    Spells: 2/2 levels left

rFire   + .          .
                       - Unarmed
rCold   + . .        (no shield)
rNeg    . . .        f - +2 robe {rC+ rF+}
rPois   .            (helmet currently unavailable)
rElec   .            (cloak currently unavailable)
rCorr   +            (gloves currently unavailable)
SInv    .            (boots currently unavailable)
Will    .....        (no amulet)
Stlth   +            k - ring of resist corrosion
HPRegen 1.03/turn    (no ring)
MPRegen 0.09/turn

%: guardian spirit
@: beast-form
A: beast (slay +2), fangs 2, regeneration 1, magic shield, antimagic bite, no
potion heal 2
a: Begin Untransformation


You were on level 3 of the Dungeon.
You were a hulking beast.
You visited 1 branch of the dungeon, and saw 3 of its levels.

You collected 80 gold pieces.

Inventory:

Missiles
 g - 2 throwing nets
Armour
 f - a +2 robe of resistance (worn)
Jewellery
 k - a ring of resist corrosion (left hand)
Talismans
 c - a beast talisman (active)
 d - a flux talisman
Scrolls
 a - a scroll of brand weapon {unknown}
 h - a scroll of immolation {unknown}
 j - 3 scrolls of fog {unknown}
Potions
 b - a potion of lignification
 e - a potion of degeneration {unknown}
 i - a potion of attraction {unknown}
 l - a potion of heal wounds {unknown}
 m - 2 potions of mutation {unknown}


   Skills:
 + Level 1.5 Fighting
 + Level 2.0 Dodging
 + Level 3.4 Unarmed Combat
 * Level 3.6 Shapeshifting


You had 2 spell levels left.
You didn't know any spells.
Your spell library contained the following spells:

 Spells                   Type           Power      Damage    Failure   Level
 Sting                    Tmut/Pois      0%         1d3       36%         1
 Blink                    Tloc           0%         N/A       50%         2
 Lesser Beckoning         Tloc           0%         N/A       50%         2
 Momentum Strike          Conj/Tloc      0%         3d8       50%         2
 Poisonous Vapours        Pois/Air       0%         N/A       50%         2
 Tukima's Dance           Hex            0%         N/A       75%         3
 Leda's Liquefaction      Hex/Erth       0%         N/A       98%         4
 Olgreb's Toxic Radiance  Pois           0%         N/A       98%         4
 Passage of Golubria      Tloc           0%         N/A       98%         4
 Lee's Rapid Deconstruct  Erth           0%         3d4*      100%        5
 Yara's Violent Unravell  Hex/Tmut       0%         3d3       100%        5
 Bombard                  Conj/Erth      0%         9d1       100%        6


Dungeon Overview and Level Annotations

Branches:
Dungeon (3/15)

Altars:


Innate Abilities, Weirdness & Mutations

You are a hulking beast.
Your limbs bulge with bestial killing power. (Slay +2)
You have extremely sharp teeth.
Your natural rate of healing is unusually fast.
When hurt, damage is shared between your health and your magic reserves.
Your bite disrupts and absorbs the magic of your enemies.
Potions cannot restore your health.


Message History

You now have 80 gold pieces (gained 4).
There is an open door here.
m - a gluggy blue potion No target in view!
You pick up a book of the Earth and begin reading...
You add the spells Leda's Liquefaction, Lee's Rapid Deconstruction and Bombard to your library.
No target in view!
m - 2 gluggy blue potions (gained 1)
A ball python comes into view.
The ball python hisses angrily.
A ball python is nearby!
You hit the ball python.
You kill the ball python!
No target in view!
An orc comes into view. It is wielding a +0 mace.
The orc shouts!
You hear a shout!
An orc wizard comes into view. It is wielding a +0 dagger.
An orc comes into view. It is wielding a +0 club.
An orc comes into view. It is wielding a +0 whip.
The orc shouts!
An orc priest comes into view. It is wielding a +0 hand axe.
Found a book of Touch.
The orc shouts!
The orc priest shouts!
There are monsters nearby!
The orc hits you with a +0 mace.
The orc priest invokes the aid of Beogh against you.
Beogh smites you!
Ouch! That really hurt!
You are too injured to fight recklessly!
You are too injured to fight recklessly!
You are too injured to fight recklessly!
You punch the orc wizard!
The orc wizard is heavily wounded.
The orc wizard casts a spell at you. The magic dart hits you!
* * * LOW HITPOINT WARNING * * *
You hit the orc wizard. You punch the orc wizard.
You kill the orc wizard!
The orc hits you with a +0 mace.
You die...

....##.....#####....
....##.............
....+...#####.....
....##†.#####..######
....##...............
....##.###.....###
....##.#
####...######
....##.# #........#
....+..# #...ho...#
....##.# #...)o...#
.#.###. #.....o..#
.#.# #. #!.......#
.#.. ....#o....+
..... .##..#.....#
...... . #...:#####
....... +....# .
.....#


You could see an orc priest and 3 orcs.

Vanquished Creatures
  An orc wizard (D:3)
  2 adders (D:2)
  A worm (D:2)
  A dart slug (D:1)
  6 bats
  5 endoplasms
  A giant cockroach (D:2)
  2 goblins
  A kobold (D:1)
  2 quokkas (D:2)
  3 ball pythons
  5 frilled lizards (D:2)
  3 rats (D:2)
33 creatures vanquished.

Notes
Turn   | Place    | Note
-------+----------+-------------------------------------------
     0 | D:1      | Ethylacetat the Vine Stalker Shapeshifter began the quest
                  | for the Orb.
     0 | D:1      | Reached XP level 1. HP: 9/9 MP: 2/2
   110 | D:1      | Reached skill level 1 in Fighting
   174 | D:1      | Reached XP level 2. HP: 14/14 MP: 3/3
   566 | D:2      | Reached XP level 3. HP: 18/18 MP: 4/4
  1068 | D:3      | Slain by an orc

Illustrated notes

Levels and vault maps discovered:
D:1:      scummos_arrival_simple_fountains, layout_rooms
D:2:      layout_rooms
D:3:      layout_basic, nicolae_overflow_ecumenical_swirl, xom_teletrap_fun,
          shapermc_ecumenical_altar_pompeii, minivault_11, uniq_grinder

Skill      XL: |  1  2  3 |
---------------+----------+-----
Fighting       | 1 |  1.5
Dodging        | 2 |  2.0
Unarmed Combat | |  3.4
Shapeshifting  | |  3.6

Action                     || total
---------------------------++-------
  Melee: Unarmed           ||    83
         Bite              ||    14
         Punch             ||     4
   Stab: Sleeping          ||     1
 Armour: Robe              ||    43
  Dodge: Dodged            ||    52

Table legend: (Time is in decaauts)
 A = Elapsed time spent in this place.
 B = Non-inter-level travel time spent in this place.
 C = Inter-level travel time spent in this place.
 D = Time resting spent in this place.
 E = Time spent auto-exploring this place.
 F = Levels seen in this place.
 G = Mean time per level.
                   A        B        C        D        E       F      G
               +--------+--------+--------+--------+--------+-----+--------+
         Total |   1061 |   1021 |     40 |      0 |    804 |   3 |  353.7 |
       Dungeon |   1061 |   1021 |     40 |      0 |    804 |   3 |  353.7 |
               +--------+--------+--------+--------+--------+-----+--------+

Top non-repeatable levels by time:
     D:2: 500 daAuts
     D:1: 443 daAuts
     D:3: 118 daAuts
